| TOP OF THE 1ST |
|
San Jose Volcanoes batting - Pitching for Durango Desert Dogs : RHP Ricardo Posada
|
|
Pitching: RHP Ricardo Posada
|
|
|
Batting: RHB Jay Schellin
|
0-0: Swinging Strike 0-1: Ball 1-1: Foul Ball, location: 2F 1-2: Ball 2-2: Ball 3-2: Foul Ball, location: 2F 3-2: Strikes out looking
|
|
Batting: RHB Anthony Laurenzi
|
0-0: Ball 1-0: Ball 2-0: Swinging Strike 2-1: Foul Ball, location: 2F 2-2: SOLO HOME RUN (Flyball, 7LD, EV 99.4 MPH), Distance : 352 ft
|
|
Batting: LHB Mike LaValliere
|
0-0: Called Strike 0-1: Ball 1-1: Foul Ball, location: 2F 1-2: Ball 2-2: Ball 3-2: Base on Balls
|
|
Batting: LHB Pete M O'Brien
|
0-0: Called Strike 0-1: SINGLE (Line Drive, 6D, EV 95.0 MPH) Mike LaValliere to second
|
|
Batting: RHB Jeff Spisok
|
0-0: Ball 1-0: Ball 2-0: Foul Ball, location: 2F 2-1: Called Strike 2-2: Strikes out swinging
|
|
Batting: RHB Brian David
|
0-0: Ball 1-0: Fly out, F3 (Line Drive, 3, EV 75.6 MPH)
|
| Top of the 1st over - 1 run, 2 hits, 0 errors, 2 left on base; San Jose 1 - Durango 0 |
| BOTTOM OF THE 1ST |
|
Durango Desert Dogs batting - Pitching for San Jose Volcanoes : LHP Joe W Price
|
|
Pitching: LHP Joe W Price
|
|
|
Batting: LHB Chris Stropolo
|
0-0: Called Strike 0-1: Ball 1-1: Bunt for hit to P - play at first, batter OUT! 1-3
|
|
Batting: RHB Rusty Tillman
|
0-0: Foul Ball, location: 2F 0-1: Ball 1-1: Ground out 4-3 (Groundball, 4, EV 111.9 MPH)
|
|
Batting: SHB Tony Phillips
|
0-0: Foul Ball, location: 2F 0-1: Swinging Strike 0-2: Ball 1-2: Strikes out looking
|
| Bottom of the 1st over - 0 runs, 0 hits, 0 errors, 0 left on base; San Jose 1 - Durango 0 |
| TOP OF THE 2ND |
|
San Jose Volcanoes batting - Pitching for Durango Desert Dogs : RHP Ricardo Posada
|
|
Batting: RHB Tony Evans
|
0-0: Ball 1-0: Foul Ball, location: 2F 1-1: Ball 2-1: Swinging Strike 2-2: Strikes out swinging
|
|
Batting: RHB David Cusack
|
0-0: Ball 1-0: Ball 2-0: Called Strike 2-1: Ball 3-1: Called Strike 3-2: Base on Balls
|
|
Batting: LHB Donald Seeker
|
0-0: Called Strike 0-1: Fielders Choice at 2nd, 3-6 (Groundball, 3S, EV 87.5 MPH)
|
|
Batting: RHB Jay Schellin
|
0-0: Called Strike 0-1: Ball 1-1: Ball 2-1: Ball 3-1: Foul Ball, location: 2F 3-2: Ground out 3-1 (Groundball, 13, EV 90.0 MPH)
|
| Top of the 2nd over - 0 runs, 0 hits, 0 errors, 1 left on base; San Jose 1 - Durango 0 |
| BOTTOM OF THE 2ND |
|
Durango Desert Dogs batting - Pitching for San Jose Volcanoes : LHP Joe W Price
|
|
Batting: SHB Mike D Young
|
0-0: Called Strike 0-1: Ball 1-1: Foul Ball, location: 2F 1-2: Foul Ball, location: 2F 1-2: Ball 2-2: Foul Ball, location: 2F 2-2: Ball 3-2: Fly out, F8 (Flyball, 8LD, EV 96.9 MPH)
|
|
Batting: LHB Greg Brock
|
0-0: Fly out, F5 (Flyball, 56D, EV 93.1 MPH)
|
|
Batting: RHB John Guarino
|
0-0: Ball 1-0: Called Strike 1-1: Foul Ball, location: 2F 1-2: Foul Ball, location: 2F 1-2: Ball 2-2: Ball 3-2: Foul Ball, location: 2F 3-2: Foul Ball, location: 2F 3-2: Foul Ball, location: 2F 3-2: Base on Balls
|
|
Batting: RHB Dave C Anderson
|
0-0: Ball 1-0: Ball 2-0: Foul Ball, location: 2F 2-1: Ball 3-1: Fly out, F7 (Flyball, 7S, EV 81.9 MPH)
|
| Bottom of the 2nd over - 0 runs, 0 hits, 0 errors, 1 left on base; San Jose 1 - Durango 0 |
| TOP OF THE 3RD |
|
San Jose Volcanoes batting - Pitching for Durango Desert Dogs : RHP Ricardo Posada
|
|
Batting: RHB Anthony Laurenzi
|
0-0: Called Strike 0-1: Swinging Strike 0-2: Foul Ball, location: 2F 0-2: Strikes out looking
|
|
Batting: LHB Mike LaValliere
|
0-0: Ball 1-0: Ball 2-0: Called Strike 2-1: Swinging Strike 2-2: Strikes out swinging
|
|
Batting: LHB Pete M O'Brien
|
0-0: Swinging Strike 0-1: Fly out, F8 (Flyball, 8LS, EV 90.6 MPH)
|
| Top of the 3rd over - 0 runs, 0 hits, 0 errors, 0 left on base; San Jose 1 - Durango 0 |
| BOTTOM OF THE 3RD |
|
Durango Desert Dogs batting - Pitching for San Jose Volcanoes : LHP Joe W Price
|
|
Batting: RHB Dennis Delany
|
0-0: Ground out 6-3 (Groundball, 6, EV 86.3 MPH)
|
|
Batting: SHB Dale Sveum
|
0-0: Ball 1-0: Ball 2-0: Swinging Strike 2-1: Foul Ball, location: 2F 2-2: Ball 3-2: Strikes out swinging
|
|
Batting: LHB Chris Stropolo
|
0-0: Bunt for hit to 13 - play at first, batter safe!
|
|
Batting: RHB Rusty Tillman
|
0-0: Ball Chris Stropolo steals 2nd base 1-0: Called Strike 1-1: Ball 2-1: Ball 3-1: Base on Balls
|
|
Batting: SHB Tony Phillips
|
0-0: Called Strike 0-1: Ball 1-1: Called Strike 1-2: Ball 2-2: Ball 3-2: Base on Balls Chris Stropolo to third Rusty Tillman to second
|
|
Batting: SHB Mike D Young
|
0-0: Called Strike 0-1: Fly out, F4 (Popup, 4M, EV 61.9 MPH)
|
| Bottom of the 3rd over - 0 runs, 1 hit, 0 errors, 3 left on base; San Jose 1 - Durango 0 |
| TOP OF THE 4TH |
|
San Jose Volcanoes batting - Pitching for Durango Desert Dogs : RHP Ricardo Posada
|
|
Batting: RHB Jeff Spisok
|
0-0: Swinging Strike 0-1: Foul Ball, location: 2F 0-2: Foul Ball, location: 2F 0-2: Ball 1-2: Ball 2-2: Ball 3-2: Strikes out swinging
|
|
Batting: RHB Brian David
|
0-0: Called Strike 0-1: Called Strike 0-2: Foul Ball, location: 2F 0-2: Ball 1-2: Ball 2-2: Ball 3-2: Foul Ball, location: 2F 3-2: Base on Balls
|
|
Batting: RHB Tony Evans
|
0-0: Ball 1-0: Swinging Strike 1-1: Fly out, F7 (Flyball, 78S, EV 82.5 MPH)
|
|
Batting: RHB David Cusack
|
0-0: Ball 1-0: Called Strike 1-1: Fly out, F8 (Flyball, 8RS, EV 93.8 MPH)
|
| Top of the 4th over - 0 runs, 0 hits, 0 errors, 1 left on base; San Jose 1 - Durango 0 |
| BOTTOM OF THE 4TH |
|
Durango Desert Dogs batting - Pitching for San Jose Volcanoes : LHP Joe W Price
|
|
Batting: LHB Greg Brock
|
0-0: Ground out 4-3 (Groundball, 13, EV 81.3 MPH)
|
|
Batting: RHB John Guarino
|
0-0: Ball 1-0: Ball 2-0: Ball 3-0: Base on Balls
|
|
Batting: RHB Dave C Anderson
|
0-0: Ball 1-0: Called Strike 1-1: Ball 2-1: Ball 3-1: Base on Balls John Guarino to second
|
|
Batting: RHB Dennis Delany
|
0-0: Ball 1-0: Ball 2-0: Foul Ball, location: 2F 2-1: Ground out U3 (Groundball, 34S, EV 70.0 MPH) John Guarino to third Dave C Anderson to second
|
|
Batting: SHB Dale Sveum
|
0-0: Ground out 1-3 (Groundball, 15S, EV 67.5 MPH)
|
| Bottom of the 4th over - 0 runs, 0 hits, 0 errors, 2 left on base; San Jose 1 - Durango 0 |
| TOP OF THE 5TH |
|
San Jose Volcanoes batting - Pitching for Durango Desert Dogs : RHP Ricardo Posada
|
|
Batting: LHB Donald Seeker
|
0-0: Called Strike 0-1: Ball 1-1: Called Strike 1-2: Ball 2-2: SINGLE (Groundball, 4D, EV 97.5 MPH)
|
|
Batting: RHB Jay Schellin
|
0-0: Ball 1-0: Called Strike 1-1: Foul Ball, location: 2F 1-2: Ball 2-2: Foul Ball, location: 2F 2-2: Foul Ball, location: 2F 2-2: Grounds into double play, 5-4-3 (Groundball, 5, EV 100.6 MPH)
|
|
Batting: RHB Anthony Laurenzi
|
0-0: Foul Ball, location: 2F 0-1: Called Strike 0-2: Ball 1-2: Ground out 6-3 (Groundball, 6, EV 83.1 MPH)
|
| Top of the 5th over - 0 runs, 1 hit, 0 errors, 0 left on base; San Jose 1 - Durango 0 |
| BOTTOM OF THE 5TH |
|
Durango Desert Dogs batting - Pitching for San Jose Volcanoes : LHP Joe W Price
|
|
Batting: LHB Chris Stropolo
|
0-0: Called Strike 0-1: Ball 1-1: Foul Ball, location: 2F 1-2: Ball 2-2: Foul Ball, location: 2F 2-2: Ball 3-2: Foul Ball, location: 2F 3-2: Foul Ball, location: 2F 3-2: Base on Balls
|
|
Batting: RHB Rusty Tillman
|
0-0: Ball 1-0: Fly out, F9 (Flyball, 9LM, EV 87.5 MPH)
|
|
Batting: SHB Tony Phillips
|
0-0: Called Strike 0-1: Ball 1-1: Foul Ball, location: 2F 1-2: Ball 2-2: Fly out, F7 (Line Drive, 7, EV 95.6 MPH)
|
|
Batting: SHB Mike D Young
|
0-0: Called Strike Chris Stropolo steals 2nd base 0-1: Swinging Strike 0-2: Foul Ball, location: 2F 0-2: Strikes out looking
|
| Bottom of the 5th over - 0 runs, 0 hits, 0 errors, 1 left on base; San Jose 1 - Durango 0 |
| TOP OF THE 6TH |
|
San Jose Volcanoes batting - Pitching for Durango Desert Dogs : RHP Ricardo Posada
|
|
Batting: LHB Mike LaValliere
|
0-0: Foul Ball, location: 2F 0-1: Foul Ball, location: 2F 0-2: Ball 1-2: SOLO HOME RUN (Flyball, 89XD, EV 93.8 MPH), Distance : 407 ft
|
|
Batting: LHB Pete M O'Brien
|
0-0: Ball 1-0: Swinging Strike 1-1: Ball 2-1: Ball 3-1: Fly out, F8 (Line Drive, 8LM, EV 97.5 MPH)
|
|
Batting: RHB Jeff Spisok
|
0-0: Foul Ball, location: 2F 0-1: Ball 1-1: Called Strike 1-2: Foul Ball, location: 2F 1-2: Fly out, F9 (Flyball, 89M, EV 85.6 MPH)
|
|
Batting: RHB Brian David
|
0-0: Ball 1-0: Foul Ball, location: 2F 1-1: Called Strike 1-2: Ball 2-2: Ground out 6-3 (Groundball, 6, EV 84.4 MPH)
|
| Top of the 6th over - 1 run, 1 hit, 0 errors, 0 left on base; San Jose 2 - Durango 0 |
| BOTTOM OF THE 6TH |
|
Durango Desert Dogs batting - Pitching for San Jose Volcanoes : LHP Joe W Price
|
|
Batting: LHB Greg Brock
|
0-0: Ball 1-0: Swinging Strike 1-1: Ball 2-1: Foul Ball, location: 2F 2-2: Ball 3-2: SINGLE (Groundball, 4D, EV 96.3 MPH)
|
|
Batting: RHB John Guarino
|
0-0: Ball 1-0: Ball 2-0: Ball 3-0: Base on Balls Greg Brock to second
|
|
Batting: RHB Dave C Anderson
|
0-0: Called Strike 0-1: Ball 1-1: Ball 2-1: Ball 3-1: Base on Balls Greg Brock to third John Guarino to second
|
|
Batting: RHB Dennis Delany
|
0-0: Foul Ball, location: 2F 0-1: Ball 1-1: SINGLE (Line Drive, 34, EV 103.8 MPH) Greg Brock scores John Guarino to third Dave C Anderson to second
|
|
Batting: SHB Dale Sveum
|
0-0: Ball 1-0: SINGLE (Line Drive, 4MD, EV 95.6 MPH) John Guarino scores Dave C Anderson to third Dennis Delany to second Runner from 3rd tries for Home, SAFE, throw by CF to home
|
|
Batting: LHB Chris Stropolo
|
0-0: Ball 1-0: Called Strike 1-1: Ball 2-1: Foul Ball, location: 2F 2-2: Ball 3-2: Strikes out swinging
|
|
Batting: RHB Rusty Tillman
|
0-0: Foul Ball, location: 2F 0-1: Foul Ball, location: 2F 0-2: Fly out, F4 (Line Drive, 4, EV 70.0 MPH)
|
|
Batting: SHB Tony Phillips
|
0-0: Ball 1-0: Ball Wild Pitch! Dennis Delany to third Dale Sveum to second 2-0: Fly out, F9 (Line Drive, 9, EV 97.5 MPH)
|
| Bottom of the 6th over - 3 runs, 3 hits, 0 errors, 2 left on base; San Jose 2 - Durango 3 |
| TOP OF THE 7TH |
|
San Jose Volcanoes batting - Pitching for Durango Desert Dogs : RHP Ricardo Posada
|
|
Batting: RHB Tony Evans
|
0-0: Called Strike 0-1: Ground out 4-3 (Groundball, 34D, EV 107.5 MPH)
|
|
Batting: RHB David Cusack
|
0-0: Hit by Pitch
|
|
Batting: LHB Donald Seeker
|
0-0: Fielders Choice at 2nd, 4-6 (Groundball, 4, EV 90.6 MPH)
|
|
Batting: RHB Jay Schellin
|
0-0: Swinging Strike 0-1: Called Strike 0-2: Ball 1-2: Ball 2-2: Ball 3-2: Strikes out looking
|
| Top of the 7th over - 0 runs, 0 hits, 0 errors, 1 left on base; San Jose 2 - Durango 3 |
| BOTTOM OF THE 7TH |
|
Durango Desert Dogs batting - Pitching for San Jose Volcanoes : LHP Joe W Price
|
|
Batting: SHB Mike D Young
|
0-0: Foul Ball, location: 2F 0-1: Called Strike 0-2: Ball 1-2: Ball 2-2: Fly out, F8 (Flyball, 78D, EV 94.4 MPH)
|
|
Batting: LHB Greg Brock
|
0-0: Foul Ball, location: 2F 0-1: Called Strike 0-2: Strikes out swinging
|
|
Batting: RHB John Guarino
|
0-0: Ball 1-0: Foul Ball, location: 2F 1-1: Fly out, F8 (Flyball, 8LD, EV 82.5 MPH)
|
| Bottom of the 7th over - 0 runs, 0 hits, 0 errors, 0 left on base; San Jose 2 - Durango 3 |
| TOP OF THE 8TH |
|
San Jose Volcanoes batting - Pitching for Durango Desert Dogs : RHP Ricardo Posada
|
|
Batting: RHB Anthony Laurenzi
|
0-0: Ball 1-0: Called Strike 1-1: Foul Ball, location: 2F 1-2: Foul Ball, location: 2F 1-2: Strikes out swinging
|
|
Batting: LHB Mike LaValliere
|
0-0: Foul Ball, location: 2F 0-1: Ball 1-1: Ball 2-1: Swinging Strike 2-2: Ball 3-2: Ground out 4-3 (Groundball, 4, EV 98.1 MPH)
|
|
Batting: LHB Pete M O'Brien
|
0-0: Ball 1-0: Ball 2-0: Called Strike 2-1: Foul Ball, location: 2F 2-2: Ball 3-2: Foul Ball, location: 2F 3-2: Strikes out swinging
|
| Top of the 8th over - 0 runs, 0 hits, 0 errors, 0 left on base; San Jose 2 - Durango 3 |
| BOTTOM OF THE 8TH |
|
Durango Desert Dogs batting - Pitching for San Jose Volcanoes : LHP Joe W Price
|
|
Batting: RHB Dave C Anderson
|
0-0: Ball 1-0: Ball 2-0: Called Strike 2-1: Ball 3-1: Base on Balls
|
|
Batting: RHB Dennis Delany
|
0-0: Ball 1-0: Ball 2-0: Ball 3-0: Called Strike 3-1: Base on Balls Dave C Anderson to second
|
|
Batting: SHB Dale Sveum
|
0-0: Grounds into double play, 4-6-3 (Groundball, 4S, EV 91.9 MPH) Dave C Anderson to third
|
|
Batting: LHB Chris Stropolo
|
0-0: Ball 1-0: Called Strike 1-1: Foul Ball, location: 2F 1-2: Strikes out swinging
|
| Bottom of the 8th over - 0 runs, 0 hits, 0 errors, 1 left on base; San Jose 2 - Durango 3 |
| TOP OF THE 9TH |
|
San Jose Volcanoes batting - Pitching for Durango Desert Dogs : RHP Ricardo Posada
|
|
Pitching: RHP Dan Quisenberry
|
|
|
Batting: RHB Jeff Spisok
|
0-0: Ball 1-0: Ball 2-0: Called Strike 2-1: Ball 3-1: Ground out 6-3 (Groundball, 6, EV 86.9 MPH)
|
|
Batting: RHB Brian David
|
0-0: Called Strike 0-1: Foul Ball, location: 2F 0-2: SINGLE (Line Drive, 8LS, EV 104.4 MPH)
|
|
Batting: RHB Tony Evans
|
0-0: Ball 1-0: Ball 2-0: Called Strike 2-1: SINGLE (Line Drive, 56D, EV 102.5 MPH) Brian David to second Runner from 2nd tries for 3rd, SAFE, throw by LF made to third
|
|
Batting: RHB David Cusack
|
0-0: Ball 1-0: Ball 2-0: Called Strike 2-1: Ball 3-1: Called Strike 3-2: Foul Ball, location: 2F 3-2: SINGLE (Groundball, 6D, EV 99.4 MPH) Brian David scores Tony Evans to second Runner from 2nd tries for 3rd, SAFE, no throw by LF
|
|
Batting: LHB Donald Seeker
|
0-0: Called Strike 0-1: Ball 1-1: Ball 2-1: Ball 3-1: DOUBLE (Line Drive, 89D, EV 107.5 MPH) Tony Evans scores David Cusack to third Runner from 3rd tries for Home, SAFE, no throw by CF
|
|
Batting: RHB Jay Schellin
|
0-0: Ball 1-0: Foul Ball, location: 2F 1-1: Swinging Strike 1-2: Foul Ball, location: 2F 1-2: Foul Ball, location: 2F 1-2: Strikes out swinging
|
|
Batting: RHB Anthony Laurenzi
|
0-0: Ball 1-0: Ball 2-0: Ball 3-0: Base on Balls
|
|
Batting: LHB Mike LaValliere
|
0-0: Called Strike 0-1: Fielders Choice at 2nd, 6-4 (Groundball, 6, EV 91.9 MPH)
|
| Top of the 9th over - 3 runs, 4 hits, 0 errors, 2 left on base; San Jose 5 - Durango 3 |
| BOTTOM OF THE 9TH |
|
Durango Desert Dogs batting - Pitching for San Jose Volcanoes : LHP Joe W Price
|
|
Batting: RHB Rusty Tillman
|
0-0: Ball 1-0: Swinging Strike 1-1: Called Strike 1-2: Ball 2-2: Ball 3-2: Fly out, F9 (Flyball, 89D, EV 89.4 MPH)
|
|
Pitching: LHP Neal Heaton
|
|
|
Batting: SHB Tony Phillips
|
0-0: Called Strike 0-1: Foul Ball, location: 2F 0-2: Ball 1-2: Strikes out looking
|
|
Batting: SHB Mike D Young
|
0-0: Ball 1-0: Called Strike 1-1: Called Strike 1-2: Foul Ball, location: 2F 1-2: Foul Ball, location: 2F 1-2: Ball 2-2: Ball 3-2: SINGLE (Groundball, 56D, EV 103.8 MPH)
|
|
Batting: LHB Greg Brock
|
0-0: Called Strike 0-1: Ball 1-1: Fly out, F2 (Popup, 2L, EV 89.4 MPH)
|
| Bottom of the 9th over - 0 runs, 1 hit, 0 errors, 1 left on base; San Jose 5 - Durango 3 |
|